Map: 环轨星港

Players

Unicorn

  • Race: Zerg Zerg

Quail - Winner!

  • Race: Protoss Protoss
  • League: Diamond

VOD

Have the link to the VOD?

Description

Time

  • Played on: Dec. 5, 2015, 6:35 a.m.
  • Length: 16:43
Show
View Real Time Build Order
Export as new Build Order

Unicorn Zerg 

Build Orders: Hatch First, Lurkers 

Get SALT Encoding   

  12  0:00  Drone  
  13  0:13  Overlord  
  13  0:18  Drone  
  14  0:31  Drone  
  14  0:32  Drone  
  16  0:36  Drone  
  17  0:55  Hatchery  
  16  1:00  Drone  
  16  1:01  Drone  
  18  1:05  Extractor  
  18  1:11  Drone  
  18  1:20  Spawning Pool  
  18  1:25  Drone  
  18  1:34  Drone  
  19  1:42  Overlord  
  19  2:07  Queen  
  19  2:08  Zergling x4  
  23  2:10  Metabolic Boost  
  23  2:15  Drone  
  24  2:16  Drone  
  24  2:22  Drone  
  26  2:38  Drone  
  26  2:39  Drone  
  26  2:40  Hatchery  
  26  2:43  Drone  
  28  2:49  Queen  
  30  2:58  Drone x2  
  30  3:01  Overlord  
  32  3:08  Drone, Overlord  
  33  3:16  Queen  
  35  3:35  Drone  
  35  3:36  Drone x6  
  42  3:56  Extractor  
  42  3:57  Roach Warren  
  42  4:00  Drone x7  
  47  4:13  Overlord x2  
  47  4:15  Drone x3  
  50  4:19  Lair  
  50  4:23  Extractor  
  49  4:30  Drone  
  50  4:34  Drone x2  
  50  4:35  Drone x4  
  56  4:48  Drone x2  
  56  4:49  Evolution Chamber  
  57  4:53  Drone x3, Extractor  
  57  4:54  Drone  
  57  4:55  Drone  
  57  4:56  Drone x3  
  57  4:57  Overlord x2  
  64  5:03  Extractor  
  64  5:05  Extractor  
  62  5:12  Overlord x2  
  62  5:23  Roach x5  
  62  5:24  Roach x2  
  76  5:29  Drone x2  
  76  5:34  Overlord x2  
  76  5:35  Overlord, Drone  
  78  5:36  Drone x4  
  82  5:45  Overlord  
  82  5:52  Hydralisk Den  
  82  5:53  Zerg Missile Weapons Level 1  
  82  5:56  Evolution Chamber  
  80  5:58  Ravager x4  
  80  5:59  Ravager x2  
  80  6:03  Zergling x2  
  80  6:04  Zergling x16  
  89  6:38  Hatchery  
  86  6:52  Hydralisk x11  
  86  6:53  Hydralisk x2  
  103  7:24  Drone  
  103  7:25  Drone x5  
  103  7:29  Lurker Den  
  109  7:42  Zerg Ground Armor Level 1  
  109  7:47  Overlord x5  
  109  7:48  Overlord  
  109  7:52  Hydralisk x4  
  117  8:00  Overseer  
  117  8:02  Pneumatized Carapace  
  113  8:26  Zergling x10  
  113  8:27  Zergling x4  
  106  8:50  Drone  
  106  8:51  Drone x9  
  115  9:00  Spore Crawler  
  114  9:03  Muscular Augments  
  114  9:06  Spine Crawler  
  113  9:19  Drone x2  
  113  9:20  Drone x2  
  113  9:24  Drone x3  
  119  9:28  Lurker x3  
  119  9:29  Lurker x3  
  126  9:31  Lurker  
  126  9:32  Lurker  
  126  9:35  Spire  
  126  9:36  Queen  
  126  9:37  Spine Crawler  
  128  9:44  Hydralisk x3  
  128  9:45  Hydralisk x3  
  140  9:47  Extractor  
  140  9:48  Extractor  
  111  10:16  Zergling x2  
  111  10:17  Zergling x22  
  111  10:19  Queen  
  111  10:20  Zerg Missile Weapons Level 2  
  124  10:41  Zergling x16  
  104  11:14  Zergling x6  
  99  11:30  Hydralisk x3  
  97  11:34  Hydralisk  
  97  11:35  Hydralisk x11  
  114  11:47  Lurker x3  
  111  12:05  Drone x2  
  113  12:16  Zerg Flyer Weapons Level 1, Overlord  
  113  12:20  Infestation Pit  
  112  12:25  Burrow  
  112  12:28  Mutalisk x11  
  134  12:36  Zergling x2  
  134  12:37  Zergling x6, Queen  
  135  12:53  Spine Crawler  
  135  12:54  Spine Crawler  
  135  12:57  Mutalisk x6  
  135  12:58  Baneling Nest  
  141  13:11  Hive  
  141  13:13  Zerg Ground Armor Level 2  
  141  13:16  Overlord  
  134  14:05  Zergling x16  
  134  14:06  Zergling x18  
  128  14:53  Mutalisk x3  
  132  15:06  Viper x4  
  138  15:10  Mutalisk x9  
  162  15:17  Lurker x3  
Show
View Real Time Build Order
Export as new Build Order

Quail Protoss - Winner!

Build Orders: Nexus First 

Get SALT Encoding   

  12  0:01  Probe (Chrono Boost)  
  13  0:11  Probe (Chrono Boost)  
  14  0:18  Pylon  
  14  0:24  Probe (Chrono Boost)  
  15  0:37  Probe (Chrono Boost)  
  16  0:47  Probe (Chrono Boost)  
  17  0:59  Nexus  
  17  1:09  Gateway  
  17  1:12  Gateway  
  17  1:15  Probe (Chrono Boost)  
  18  1:21  Assimilator  
  19  1:25  Probe (Chrono Boost)  
  19  1:27  Assimilator  
  19  1:36  Probe (Chrono Boost)  
  20  1:47  Probe (Chrono Boost)  
  21  1:57  Probe (Chrono Boost)  
  21  2:01  Cybernetics Core  
  22  2:09  Pylon  
  22  2:13  Zealot (Chrono Boost)  
  22  2:14  Probe  
  24  2:15  Probe  
  26  2:25  Probe  
  26  2:28  Probe  
  28  2:35  Probe  
  28  2:40  Mothership Core  
  31  2:46  Sentry (Chrono Boost), Probe  
  31  2:47  Warp Gate  
  31  2:51  Assimilator  
  34  2:56  Probe  
  35  3:00  Gateway  
  35  3:08  Probe  
  35  3:10  Probe, Pylon  
  36  3:15  Adept (Chrono Boost)  
  36  3:19  Probe  
  38  3:22  Probe  
  40  3:27  Robotics Facility  
  40  3:29  Probe  
  41  3:34  Probe  
  41  3:40  Stalker (Chrono Boost), Probe  
  44  3:46  Probe  
  46  3:51  Probe  
  46  3:54  Pylon  
  47  3:58  Probe  
  47  4:01  Probe  
  50  4:02  Stalker (Chrono Boost)  
  51  4:10  Probe  
  51  4:12  Probe  
  51  4:14  Pylon  
  54  4:17  Observer (Chrono Boost)  
  54  4:22  Probe  
  55  4:29  Stalker  
  57  4:32  Pylon  
  57  4:35  Probe  
  57  4:36  Pylon, Warp Prism (Chrono Boost)  
  57  4:37  Probe  
  61  4:41  Assimilator  
  61  4:49  Probe  
  62  4:58  Gateway  
  62  4:59  Gateway  
  66  5:07  Immortal (Chrono Boost)  
  66  5:12  Stalker x2  
  70  5:19  Forge  
  70  5:33  Gateway  
  70  5:36  Gateway  
  70  5:37  Probe  
  70  5:39  Probe  
  70  5:42  Adept x2  
  75  5:49  Robotics Bay  
  79  5:50  Immortal (Chrono Boost)  
  79  5:56  Nexus  
  79  6:06  Pylon  
  79  6:13  Stalker  
  79  6:14  Stalker  
  83  6:31  Protoss Ground Weapons Level 1 (Chrono Boost), Robotics Facility  
  83  6:34  Gateway  
  83  6:35  Probe  
  83  6:37  Gateway, Probe  
  85  6:50  Adept x3  
  91  7:08  Probe x2  
  85  7:09  Probe  
  85  7:11  Disruptor (Chrono Boost), Pylon  
  85  7:14  Pylon  
  91  7:16  Stalker x3  
  91  7:17  Stalker x2  
  101  7:28  Disruptor  
  101  7:29  Probe  
  104  7:30  Probe  
  104  7:32  Photon Cannon  
  106  7:42  Adept  
  106  7:43  Adept x2  
  112  7:47  Gravitic Drive  
  112  7:50  Disruptor  
  115  7:55  Forge  
  115  7:59  Probe  
  115  8:01  Probe  
  115  8:04  Assimilator  
  117  8:09  Assimilator  
  117  8:11  Adept x3  
  123  8:19  Protoss Ground Armor Level 1 (Chrono Boost)  
  123  8:28  Disruptor  
  123  8:30  Disruptor  
  125  8:39  Pylon  
  123  8:41  Stalker  
  123  8:42  Pylon  
  123  8:44  Probe  
  123  8:45  Probe  
  125  8:49  Stargate  
  125  8:50  Stargate  
  119  8:56  Photon Cannon  
  119  8:57  Photon Cannon  
  119  9:00  Photon Cannon  
  119  9:06  Disruptor, Warp Prism  
  123  9:15  Adept x6  
  135  9:25  Forge  
  135  9:32  Pylon  
  135  9:35  Pylon  
  135  9:36  Fleet Beacon  
  135  9:45  Pylon  
  135  10:08  Stalker x3  
  135  10:09  Stalker x4  
  147  10:18  Observer x2  
  147  10:20  Tempest x2 (Chrono Boost)  
  157  10:29  Pylon  
  157  10:35  Pylon  
  157  10:56  Pylon  
  157  10:57  Pylon  
  141  11:07  Adept x3  
  141  11:08  Adept x5  
  145  11:22  Observer x2  
  138  11:34  Adept x2  
  138  11:35  Adept x6  
  148  11:43  Disruptor x2  
  147  12:02  Tempest x2 (Chrono Boost)  
  151  12:08  Adept x3  
  151  12:09  Adept x4  
  165  12:19  Disruptor  
  168  12:30  Disruptor  
  171  12:44  Nexus  
  171  12:46  Pylon  
  171  12:48  Tempest x2 (Chrono Boost), Pylon  
  171  12:51  Pylon  
  179  12:57  Robotics Facility  
  179  13:01  Immortal  
  173  13:06  Stalker  
  175  13:22  Immortal  
  178  13:27  Tempest (Chrono Boost)  
  179  14:00  Immortal x2  
  179  14:01  Immortal  
  191  14:12  Probe x3, Photon Cannon  
  191  14:15  Photon Cannon  
  191  14:17  Photon Cannon  
  194  14:22  Assimilator  
  194  14:27  Assimilator  
  185  14:39  Immortal  
  188  14:46  Observer x2  
  172  15:04  Stalker x2  
  172  15:05  Stalker x3  
  186  15:07  Immortal  
  186  15:25  Immortal  
  172  16:12  Observer  
  172  16:18  Observer  
Tags
 
Add a new tag
Caveats
  • Supply blocks, unpowered buildings, or Contaminate may cause inaccurate times.
  • Supply counts are checked every 10 seconds.